 Dungeon Crawl Stone Soup version 0.28.0-53-g5a82cb258f (webtiles) character file.

Game seed: 15201763169433402302

161 H0rd4k the Charlatan (level 5, -3/38 HPs)
             Began as a Human Artificer on May 23, 2022.
             Was an Initiate of Gozag.
             Slain by a bullfrog zombie (4 damage)
             ... on level 5 of the Dungeon.
             The game lasted 00:07:31 (6678 turns).

H0rd4k the Charlatan (Human Artificer)              Turns: 6678, Time: 00:07:32

Health: -3/38      AC:  4    Str: 13    XL:     5   Next: 70%
Magic:  5/5        EV: 12    Int: 13    God:    Gozag
Gold:   186        SH:  0    Dex: 19    Spells: 4/4 levels left

rFire   . . .      SeeInvis .   a - +0 club
rCold   . . .      Faith    .   (no shield)
rNeg    . . .      Spirit   .   b - +1 leather armour
rPois   +          Reflect  .   (no helmet)
rElec   .          Harm     .   (no cloak)
rCorr   .          Rampage  .   (no gloves)
Will    .....                   (no boots)
Stlth   ++........              (no amulet)
HPRegen 0.12/turn               j - +6 ring of dexterity
MPRegen 0.09/turn               f - ring of poison resistance

@: no status effects
A: no striking features
a: Renounce Religion, Potion Petition, Call Merchant, Bribe Branch


You were on level 5 of the Dungeon.
You worshipped Gozag.
Gozag was aware of your devotion.
You visited 1 branch of the dungeon, and saw 5 of its levels.

You collected 241 gold pieces.
You paid 55 gold pieces to Gozag.

Inventory:

Hand Weapons
 a - a +0 club (weapon)
Missiles
 m - 7 poisoned darts (quivered)
Armour
 b - a +1 leather armour (worn)
 o - a scarf of shadows
Magical Staves
 d - a staff of cold
Jewellery
 f - a ring of poison resistance (right hand)
 j - a +6 ring of dexterity (left hand)
Scrolls
 c - a scroll of noise {unknown}
 k - 2 scrolls of amnesia
 l - 4 scrolls of identify
 r - a scroll of enchant weapon {unknown}
 s - a scroll of vulnerability {unknown}
Potions
 h - 3 potions of haste {unknown}
 i - 3 potions of heal wounds {unknown}
 p - a potion of might {unknown}
 q - 4 potions of curing
Miscellaneous
 e - a piece from Xom's chessboard (14/15)


   Skills:
 + Level 1.6 Fighting
 + Level 2.1 Maces & Flails
 + Level 0.1 Throwing
 + Level 3.0 Armour
 + Level 2.1 Dodging
 + Level 1.7 Stealth
 + Level 3.8 Evocations


You had 4 spell levels left.
You didn't know any spells.
Your spell library contained the following spells:

 Spells                   Type           Power      Damage    Failure   Level
 Slow                     Hex            0%         N/A       36%         1
 Confusing Touch          Hex            0%         N/A       75%         3
 Vampiric Draining        Necr           0%         2d6       75%         3


Dungeon Overview and Level Annotations

Branches:
Dungeon (5/15)             Temple (0/1) D:5

Altars:
Gozag
Nemelex Xobeh
Okawaru

Portals:
Ossuary: D:5


Message History

It was a scroll of blinking.
Found a knobbly glowing staff.
Found 13 gold pieces.
Found 4 gold pieces.
You hear the slow hiss of a very distant avalanche of sand.
Found a stone staircase leading down.
You see here a staff of cold.
You see here 13 gold pieces.
You see here 4 gold pieces.
You now have 173 gold pieces (gained 4).
You see here a staff of cold.
d - a staff of cold You see here 13 gold pieces.
You now have 186 gold pieces (gained 13).
You open the door.
Found a staircase to the Ecumenical Temple.
Found a pair of gloves and a chain mail.
A bullfrog zombie comes into view.
Found a leather armour.
You make a move on Xom's chessboard...
The bullfrog zombie flickers and vanishes!
You hear the slow hiss of a very distant avalanche of sand.
Something hits you.
You hit something but do no damage. Something hits you.
Something hits you but does no damage.
You hit something. Something hits you.
You hit something. Something hits you. Something hits you but does no damage.
You hit something. Something hits you but does no damage.
You hit something. Something hits you.
* * * LOW HITPOINT WARNING * * *
Something hits you but does no damage.
You miss something. Something hits you.
* * * LOW HITPOINT WARNING * * *
You barely miss something. Something completely misses you. Something hits you.
* * * LOW HITPOINT WARNING * * *
You hit something. Something hits you.
* * * LOW HITPOINT WARNING * * *
Something hits you.
You die...
Your body crumbles into a pile of gold.

#........# #
#####....# #.
#....###### ###.##
#......... ######
#.......####
##⌠.⌠####...........
##.>.'..........####.
##⌠.⌠####.....#......
###### #####@#......
#############{.......
####....#......#####
........#{######
...[....#.#
.[........#
.......#### .......
.......


There were no monsters in sight!

Vanquished Creatures
  Jessica (D:3)
  3 adders
  2 gnolls (D:4)
  A shadow imp (D:5)
  A dart slug (D:1)
  An orc (D:4)
  5 ball pythons
  8 endoplasms
  7 giant cockroaches
  5 goblins
  7 hobgoblins
  7 jackals
  7 kobolds
  2 quokkas
  4 bats
  5 frilled lizards
  5 rats
71 creatures vanquished.

Vanquished Creatures (collateral kills)
  A gnoll (D:4)
  A worm (D:3)
  An endoplasm (D:4)
  A jackal (D:3)
4 creatures vanquished.

Vanquished Creatures (others)
  A scorpion (D:4)
  A gnoll (D:4)
  An orc (D:3)
  3 jackals
  A ball python (D:2)
7 creatures vanquished.

Grand Total: 82 creatures vanquished

Notes
Turn   | Place    | Note
-------+----------+-------------------------------------------
     0 | D:1      | H0rd4k the Human Artificer began the quest for the Orb.
     0 | D:1      | Reached XP level 1. HP: 15/15 MP: 1/1
   320 | D:1      | Found a faded altar of an unknown god.
   580 | D:1      | Reached XP level 2. HP: 18/21 MP: 2/2
  1143 | D:1      | Reached XP level 3. HP: 17/26 MP: 3/3
  2278 | D:2      | Reached skill level 1 in Maces & Flails
  2680 | D:3      | Noticed Jessica
  3020 | D:2      | Reached XP level 4. HP: 30/32 MP: 4/4
  4353 | D:3      | Found an opulent altar of Gozag.
  4889 | D:4      | Noticed an ogre
  4901 | D:4      | Reached XP level 5. HP: 32/37 MP: 5/5
  5149 | D:3      | Your ally Jessica died
  5317 | D:3      | Found a sparkling altar of Nemelex Xobeh.
  5493 | D:3      | Became a worshipper of Gozag Ym Sagoz the Greedy
  5836 | D:3      | Noticed a sky beast
  6299 | D:4      | Found an iron altar of Okawaru.
  6518 | D:5      | Entered Level 5 of the Dungeon
  6518 | D:5      | Noticed a phantom
  6518 | D:5      | Found a sand-covered staircase.
  6646 | D:5      | Found a staircase to the Ecumenical Temple.
  6678 | D:5      | HP: 1/38 [something (5)]
  6678 | D:5      | Slain by a bullfrog zombie

Illustrated notes

Levels and vault maps discovered:
D:1:      dpeg_arrival_short_road, layout_basic,
          hellmonk_ecumenical_altar_arch_garden
D:2:      layout_loops_ring, kennysheep_small_spiral
D:3:      minmay_razor_zed, layout_rooms, nemelex_spade_bored_becter,
          grunt_gozag_breadcrumbs, hex_intersection, uniq_jessica
D:4:      layout_loops_corners, fedhas_altar_2,
          mainiacjoe_overflow_small_starburst, lemuel_tele_altar
D:5:      layout_basic, temple_doors_cd, lightli_ossuary_entry_decrepit_ruins

Skill      XL: |  1  2  3  4  5 |
---------------+----------------+-----
Maces & Flails | 1 2 |  2.1
Dodging        | 2 |  2.1
Armour         | 3 |  3.0
Fighting       | |  1.6
Throwing       | |  0.1
Stealth        | |  1.7
Evocations     | |  3.8

Action                   |  1- 3 |  4- 6 || total
-------------------------+-------+-------++-------
Melee: Club              |   179 |   207 ||   386
       Punch             |     1 |     2 ||     3
Throw: Dart              |     2 |       ||     2
Evoke: Wand              |     8 |    22 ||    30
       Piece from Xom's  |       |     3 ||     3
  Use: Scroll            |       |     4 ||     4
 Stab: Sleeping          |     2 |     3 ||     5
       Paralysed         |       |     5 ||     5
       Betrayed ally     |       |     1 ||     1
Armor: Leather armour    |    78 |    73 ||   151
Dodge: Dodged            |   151 |   156 ||   307
